 Dungeon Crawl Stone Soup version 0.27.1-3-gb3d3a73c9e (webtiles) character file.

Game seed: 8931104312253133356

3923 Descartes the Tainter (level 10, -1/53 HPs)
             Began as a Deep Elf Wanderer on Oct 10, 2021.
             Was an Initiate of Gozag.
             Slain by an orc knight (45 damage)
             ... in a bailey.
             The game lasted 00:42:07 (13674 turns).

Descartes the Tainter (Deep Elf Wanderer)          Turns: 13674, Time: 00:42:07

Health: -1/53      AC:  8    Str: 10    XL:     10   Next: 1%
Magic:  7/18       EV: 14    Int: 22    God:    Gozag
Gold:   787        SH:  5    Dex: 12    Spells: 5/17 levels left

rFire    + . .     SeeInvis +   f - staff of poison
rCold    x . .     Faith    .   (no shield)
rNeg     . . .     Spirit   .   B - +2 animal skin
rPois    +         Reflect  +   C - +0 helmet
rElec    .         Harm     .   (no cloak)
rCorr    .         Rampage  .   (no gloves)
Will     +....                  t - +2 pair of boots
Stlth    +++.......             m - amulet of reflection
HPRegen  0.17/turn              A - ring of see invisible
MPRegen  0.16/turn              D - ring of fire

@: no status effects
A: no striking features
a: Renounce Religion, Potion Petition, Call Merchant, Bribe Branch


You were in a bailey.
You worshipped Gozag.
Gozag was pleased with you.
You visited 2 branches of the dungeon, and saw 9 of its levels.
You also visited: Bailey.

You collected 951 gold pieces.
You paid 164 gold pieces to Gozag.

Inventory:

Hand Weapons
 w - a +0 vorpal hand axe
 I - a +0 longbow
 K - a +3 quarterstaff
Missiles
 h - 3 javelins
 i - 235 stones
 l - 114 arrows
 q - 12 boomerangs
 u - a throwing net
 F - 24 poisoned darts
Armour
 k - the +2 pair of boots "Teqille" {-Cast rF++ Slay+5}
   (You found it on level 6 of the Dungeon)

   Slay:      It affects your accuracy & damage with ranged weapons and melee
   (+5).
   rF:        It greatly protects you from fire.
   -Cast:     It prevents spellcasting.
 t - a +2 pair of boots (worn)
 B - a +2 animal skin (worn)
 C - a +0 helmet (worn)
Magical Staves
 f - a staff of poison (weapon)
Jewellery
 c - a ring of protection from fire
 m - an amulet of reflection (around neck)
 A - a ring of see invisible (left hand)
 D - a ring of fire (right hand)
 L - a ring of protection from fire
Wands
 n - a wand of flame (18)
 v - a wand of paralysis (9)
Scrolls
 b - a scroll of summoning
 d - a scroll of enchant weapon {unknown}
 g - a scroll of immolation
 j - 3 scrolls of amnesia
 o - 6 scrolls of teleportation
 p - a scroll of blinking
Potions
 e - a potion of magic
 r - a potion of ambrosia
 s - 2 potions of lignification
 E - 3 potions of might
 H - 2 potions of haste
 J - a potion of heal wounds
 M - a potion of invisibility
 N - 2 potions of curing
Miscellaneous
 a - a condenser vane


   Skills:
 - Level 2.0 Fighting
 - Level 1.8(2.0) Maces & Flails
 - Level 1.1(2.0) Staves
 - Level 1.0 Throwing
 - Level 1.0 Armour
 + Level 6.2 Dodging
 - Level 5.0 Stealth
 + Level 4.0 Spellcasting
 + Level 2.7 Conjurations
 - Level 5.0 Transmutations
 * Level 6.2 Fire Magic
 - Level 2.0 Earth Magic
 * Level 8.6 Poison Magic
 - Level 5.0 Evocations


You had 5 spell levels left.
You knew the following spells:

 Your Spells              Type           Power      Damage    Failure   Level
a - Sting                 Tmut/Pois      100%       1d8       1%          1
b - Ignite Poison         Fire/Tmut/Pois 66%        N/A       2%          3
c - Olgreb's Toxic Radia  Pois           59%        N/A       3%          4
d - Sticky Flame          Conj/Fire      36%        2d6       17%         4

Your spell library contained the following spells:

 Spells                   Type           Power      Damage    Failure   Level
 Poisonous Vapours        Pois/Air       70%        N/A       3%          2
 Conjure Flame            Conj/Fire      36%        6-21      5%          3
 Mephitic Cloud           Conj/Pois/Air  31%        N/A       7%          3
 Animate Skeleton         Necr           8%         N/A       11%         1
 Pain                     Necr           16%        1d4       11%         1
 Tukima's Dance           Hex            4%         N/A       32%         3
 Vampiric Draining        Necr           2%         2d6       32%         3
 Passage of Golubria      Tloc           N/A        N/A       73%         4
 Yara's Violent Unravell  Hex/Tmut       7%         3d5       73%         5


Dungeon Overview and Level Annotations

Branches:
Dungeon (8/15)             Temple (1/1) D:7          Bailey (1/1)
   Lair: D:8-11

Altars:
Ashenzari
Cheibriados
Dithmenos
Elyvilon
Fedhas
Gozag
Hepliaklqana
Kikubaaqudgha
Makhleb
Nemelex Xobeh
Okawaru
Qazlal
Ru
Sif Muna
Trog
Uskayaw
Vehumet
Wu Jian
Xom
Yredelemnul
Zin
The Shining One

Shops:
D:1 :   D:6 [   D:8 (

Annotations:
D:3 2 transporters, Descartes's ghost, amateur HOMo
D:4 3 runed translucent doors, makewrite's ghost, amateur MiGl
D:8 1 transporter, Stajl's ghost, novice TrMo


Message History

The orc knight goes into a battle-frenzy!
Things that are here:
a +0 spear; a +0 scale mail The orc knight looks more healthy.
Casting: Olgreb's Toxic Radiance (dangerous; 3% risk of failure)
Confirm with . or Enter, or press ? or * to list all spells.
You can't see any susceptible monsters within range! (Use Z to cast anyway.)
Casting: Olgreb's Toxic Radiance (dangerous; 3% risk of failure)
Confirm with . or Enter, or press ? or * to list all spells.
You can't see any susceptible monsters within range! (Use Z to cast anyway.)
Casting: Olgreb's Toxic Radiance (dangerous; 3% risk of failure)
Confirm with . or Enter, or press ? or * to list all spells.
You feel a surge of power!
You begin to radiate toxic energy.
The orc knight is poisoned.
Casting: Olgreb's Toxic Radiance (dangerous; 3% risk of failure)
Confirm with . or Enter, or press ? or * to list all spells.
Aiming: Sting (safe; 1% risk of failure)
Press: ? - help, Shift-Dir - straight line, f - orc knight
Aim: an orc knight, wielding a +0 trident and wearing a +0 plate armour (moderately wounded, strong, poisoned, 78% to hit)
You feel a surge of power!
The sting hits the orc knight.
The orc knight looks even sicker.
The orc knight is moderately wounded.
Your toxic aura wanes.
Casting: Sting (safe; 1% risk of failure)
Confirm with . or Enter, or press ? or * to list all spells.
Aiming: Sting (safe; 1% risk of failure)
Press: ? - help, Shift-Dir - straight line, f/p - orc knight
Aim: an orc knight, wielding a +0 trident and wearing a +0 plate armour (moderately wounded, strong, very poisoned, 78% to hit)
You feel a surge of power!
The sting misses the orc knight.
The orc knight hits you from afar with a +0 trident!
Casting: Sting (safe; 1% risk of failure)
Confirm with . or Enter, or press ? or * to list all spells.
You feel a strong surge of power!
You ignite the poison in your surroundings!
The orc knight seems to burn from within!!!
The orc knight is almost dead.
The orc knight hits you from afar with a +0 trident!!!
Ouch! That really hurt!
You die...
Your body crumbles into a pile of gold.

### ###
##.###########∩######### #
#...##.)...##...##.).o.## :#
#...#..≈≈≈))#...#o.≈≈≈..# ..#
#...#.≈≈$≈≈.......≈≈.≈≈.#..$#
#...'.≈.∩$≈.)..@.)≈$∩.≈.'...#
#...#.≈≈)≈≈.......≈≈.≈≈.#.oo#
#...#..≈≈≈..#...#..≈≈≈..#..?#
#...##.....##.∩.##.....## ..#
##.###########∩######### .##
### ### #


You could see 2 orc knights.

Vanquished Creatures
  A two-headed ogre (D:5)
  A wyvern (D:7)
  3 yaks (D:5)
  A sky beast (D:7)
  9 orc warriors
  2 ogres (D:5)
  Blork the orc (D:6)
  2 bullfrogs (D:7)
  A gnoll sergeant (D:4)
  2 scorpions
  A wyvern skeleton (D:6)
  A water moccasin skeleton (D:5)
  A howler monkey (D:6)
  A bullfrog zombie (D:6)
  A jelly (D:5)
  A bullfrog skeleton (D:6)
  A centaur skeleton (D:7)
  4 hounds (D:4)
  An orc priest (D:7)
  3 gnoll shamans
  3 iguanas
  5 orc wizards
  A killer bee zombie (D:7)
  A howler monkey zombie (D:6)
  Robin (D:4)
  22 gnolls
  6 adders
  2 shadow imps
  A white imp (D:6)
  3 ufetubi
  An adder skeleton (D:4)
  2 worms
  A dart slug (D:1)
  41 orcs
  7 endoplasms
  2 giant cockroaches
  20 goblins
  13 hobgoblins
  14 jackals
  4 quokkas
  A ball python (D:2)
  3 bats
  5 kobolds
  2 rats (D:1)
199 creatures vanquished.

Vanquished Creatures (others)
  5 plants
5 creatures vanquished.

Grand Total: 204 creatures vanquished

Notes
Turn   | Place    | Note
-------+----------+-------------------------------------------
     0 | D:1      | Descartes the Deep Elf Wanderer began the quest for the
                  | Orb.
     0 | D:1      | Descartes set off with the following items: a +0 mace, a
                  | potion of lignification, a +0 robe; and the following spell
                  | memorised: Sting; and the following spells available to
                  | memorise: Poisonous Vapours, Mephitic Cloud, Olgreb's Toxic
                  | Radiance
     0 | D:1      | Reached XP level 1. HP: 12/12 MP: 3/3
   436 | D:1      | Found Agosch's Book Shop.
   640 | D:1      | Reached XP level 2. HP: 16/16 MP: 0/4
  2069 | D:2      | Reached skill level 1 in Stealth
  2069 | D:2      | Reached XP level 3. HP: 19/21 MP: 0/6
  2415 | D:2      | Reached skill level 1 in Spellcasting
  3280 | D:3      | Found a faded altar of an unknown god.
  3485 | D:3      | Reached XP level 4. HP: 26/26 MP: 3/8
  3500 | D:3      | Reached skill level 1 in Staves
  3500 | D:3      | Reached skill level 1 in Dodging
  3787 | D:3      | Found a transporter.
  3826 | D:3      | Found a transporter.
  3826 | D:3      | Noticed Descartes's ghost (amateur HOMo)
  4766 | D:3      | Reached skill level 1 in Transmutations
  5028 | D:4      | Noticed a scorpion
  5037 | D:4      | Killed a scorpion
  5038 | D:4      | Reached skill level 1 in Fire Magic
  5038 | D:4      | Reached skill level 3 in Poison Magic
  5038 | D:4      | Reached XP level 5. HP: 9/30 MP: 2/9
  5749 | D:4      | Found a runed translucent gate.
  5749 | D:4      | Found a runed translucent gate.
  5749 | D:4      | Found a runed translucent gate.
  5754 | D:4      | Noticed makewrite's ghost (amateur MiGl)
  5877 | D:4      | Learned a level 3 spell: Ignite Poison
  5882 | D:4      | Learned a level 4 spell: Olgreb's Toxic Radiance
  6142 | D:4      | Reached XP level 6. HP: 32/35 MP: 6/11
  6889 | D:4      | Reached skill level 4 in Poison Magic
  7221 | D:4      | Reached XP level 7. HP: 13/40 MP: 7/12
  7728 | D:4      | Noticed Robin
  8361 | D:4      | Killed Robin
  8748 | D:5      | Entered Level 5 of the Dungeon
  8979 | D:5      | Reached skill level 5 in Poison Magic
  9180 | D:5      | Noticed a yak
  9180 | D:5      | Noticed a yak
  9180 | D:5      | Noticed a yak
  9193 | D:5      | Killed a yak
  9194 | D:5      | Reached XP level 8. HP: 20/44 MP: 5/13
  9506 | D:5      | Reached skill level 5 in Fire Magic
  9713 | D:5      | Reached skill level 6 in Poison Magic
 10819 | D:6      | Reached skill level 5 in Stealth
 10885 | D:6      | Noticed a two-headed ogre
 10916 | D:5      | Killed a two-headed ogre
 10917 | D:5      | Reached skill level 5 in Dodging
 10917 | D:5      | Reached skill level 7 in Poison Magic
 10917 | D:5      | Reached XP level 9. HP: 25/48 MP: 2/14
 10922 | D:5      | Learned a level 4 spell: Sticky Flame
 11129 | D:6      | Found a snail-covered altar of Cheibriados.
 11480 | D:6      | Noticed Blork the orc
 11485 | D:6      | Killed Blork the orc
 11491 | D:6      | Found Vuuf's Antique Armour Boutique.
 11716 | D:6      | Identified the +2 pair of boots "Teqille" {-Cast rF++
                  | Slay+5}
 11735 | D:7      | Reached skill level 1 in Conjurations
 11735 | D:7      | Reached skill level 5 in Transmutations
 12163 | D:7      | Reached skill level 8 in Poison Magic
 12856 | D:7      | Found a staircase to the Ecumenical Temple.
 12862 | D:7      | Reached skill level 5 in Evocations
 12864 | Temple   | Entered the Ecumenical Temple
 12991 | Temple   | Became a worshipper of Gozag Ym Sagoz the Greedy
 13302 | D:8      | Found a transporter.
 13303 | D:8      | Found Ysodgh's Weapon Boutique.
 13307 | D:8      | Noticed Stajl's ghost (novice TrMo)
 13389 | D:8      | Found a flagged portal.
 13417 | Bailey   | Entered a bailey
 13453 | Bailey   | Reached XP level 10. HP: 27/53 MP: 8/18
 13658 | Bailey   | Noticed an orc knight
 13658 | Bailey   | Noticed an orc knight
 13674 | Bailey   | Slain by an orc knight

Illustrated notes

Levels and vault maps discovered:
D:1:      dpeg_arrival_arbitrary_c, layout_loops_ring, serial_shops,
          nicolae_shop_behind_doors, serial_bayou, serial_bayou_lagoon_a,
          serial_bayou_pond_c, serial_bayou_pond_e, serial_bayou_shore_a,
          hangedman_decor_push, fountainhead
D:2:      layout_basic
D:3:      layout_basic, ebering_ecumenical_altar_mist, gammafunk_ghost_arena
D:4:      lemuel_castle_with_subvaults [lemuel_castle_interior_carwin_1],
          layout_loops_ring, ebering_ghost_rock_garden, uniq_robin
D:5:      layout_basic
D:6:      layout_basic, lemuel_round_altar, serial_shops, nicolae_square_shop,
          minmay_misc_feat_diagonals, roderic_cross_of_infinity,
          mrwooster_statue_mirror, uniq_blork_the_orc
D:7:      layout_loops_ring, minmay_temple_entry_proselytizer,
          minmay_misc_feat_iff
D:8:      layout_basic, enter_bailey_3, serial_shops, shop_statue,
          gammafunk_ghost_stat_death, uniq_grum
Temple:   kilobyte_greek_temple
Bailey:   bailey_polearm_4, bailey

Skill      XL: |  1  2  3  4  5  6  7  8  9 |
---------------+----------------------------+-----
Stealth        | 1 2 3 5 |  5.0
Spellcasting   | 1 2 4 |  4.0
Staves         | 1 |  1.1
Dodging        | 1 2 3 5 6 |  6.2
Transmutations | 1 2 3 4 5 |  5.0
Fighting       | 2 |  2.0
Fire Magic     | 1 2 3 4 5 6 |  6.2
Poison Magic   | 3 4 5 7 8 |  8.6
Earth Magic    | 2 |  2.0
Evocations     | 2 4 5 |  5.0
Conjurations   | 2 |  2.7
Maces & Flails | |  1.8
Throwing       | |  1.0
Armour         | |  1.0

Action                   |  1- 3 |  4- 6 |  7- 9 | 10-12 || total
-------------------------+-------+-------+-------+-------++-------
Melee: Staff             |    37 |    62 |   173 |       ||   272
       Mace              |     1 |       |       |       ||     1
 Cast: Sting             |    79 |   150 |   146 |     2 ||   377
       Olgreb's Toxic Ra |       |     1 |    19 |     2 ||    22
       Ignite Poison     |       |     1 |    20 |     1 ||    22
  Use: Potion            |       |     2 |     4 |       ||     6
       Scroll            |       |       |    14 |       ||    14
 Stab: Sleeping          |       |       |     2 |       ||     2
Armor: Robe              |     4 |    25 |     7 |       ||    36
       Skin              |       |     2 |       |       ||     2
       Animal skin       |       |       |    60 |       ||    60
Dodge: Dodged            |    45 |    89 |   165 |       ||   299
Block: Other             |       |    15 |    48 |       ||    63
